Map: Nightshade LE

Players

TSGTYTY (TY) - Winner!

  • Race: Terran Terran
  • League: Grandmaster
  • Spawn Location: 11:00

soO

  • Race: Zerg Zerg
  • Spawn Location: 5:00

VOD

Have the link to the VOD?

Description

Time

  • Played on: Jan. 9, 2020, 8:42 a.m.
  • Length: 24:17
Show
View Real Time Build Order
Export as new Build Order

TSGTYTY Terran - Winner!

Build Orders: Gas First Reaper Expand, Hellion Banshee 

Get SALT Encoding   

  12  0:00  SCV  
  13  0:12  SCV  
  14  0:17  Supply Depot  
  14  0:24  SCV  
  14  0:27  Refinery  
  15  0:38  SCV  
  16  0:44  Barracks  
  16  0:50  SCV  
  17  1:02  SCV  
  18  1:15  SCV  
  19  1:31  Orbital Command, Reaper  
  20  1:41  Command Center  
  20  1:52  Factory  
  20  1:57  SCV  
  21  2:05  Barracks Reactor  
  21  2:09  SCV  
  21  2:14  Supply Depot  
  22  2:21  SCV  
  23  2:24  Refinery  
  23  2:35  SCV  
  24  2:42  Starport  
  24  2:46  Hellion x2  
  24  2:48  SCV  
  29  2:53  Orbital Command  
  29  2:56  Barracks Tech Lab  
  29  3:00  SCV  
  30  3:07  Hellion  
  30  3:10  Hellion  
  30  3:12  SCV  
  35  3:19  SCV  
  36  3:23  Cloaking Field  
  36  3:26  SCV  
  37  3:28  Banshee  
  37  3:31  Marine  
  41  3:37  SCV, Supply Depot  
  41  3:41  SCV  
  43  3:42  Hellion  
  45  3:49  Marine  
  46  3:59  SCV x2  
  41  4:11  SCV x2, Banshee  
  41  4:14  Hellion  
  46  4:18  Hellion  
  46  4:20  Barracks Tech Lab  
  46  4:23  SCV x2  
  50  4:27  Supply Depot  
  50  4:35  SCV x2  
  52  4:39  Marine  
  53  4:47  SCV  
  53  4:48  SCV  
  53  4:51  Command Center  
  55  4:59  SCV  
  57  5:00  SCV  
  62  5:11  SCV  
  62  5:12  SCV, Supply Depot, Refinery  
  62  5:13  Refinery  
  59  5:17  Factory  
  59  5:18  Factory  
  59  5:23  SCV, Hellion  
  59  5:24  Supply Depot  
  62  5:29  Supply Depot  
  62  5:34  SCV, Armory, Hellion  
  62  5:35  Armory  
  65  5:38  SCV  
  66  5:45  Hellion  
  66  5:46  SCV  
  69  5:51  Starport Reactor  
  69  5:54  SCV  
  69  5:55  Hellion  
  72  5:58  SCV  
  73  6:06  Hellion  
  81  6:12  SCV x2  
  83  6:24  SCV x2, Terran Vehicle And Ship Armor Level 1, Terran Vehicle Weapons Level 1  
  83  6:25  Supply Depot  
  85  6:26  Refinery  
  85  6:27  Refinery, Orbital Command  
  85  6:31  Thor x2  
  91  6:36  SCV x2  
  97  6:40  Hellion x2  
  97  6:45  Viking  
  99  6:48  SCV x2  
  102  6:54  SCV  
  102  7:00  SCV  
  104  7:02  SCV  
  105  7:09  SCV  
  105  7:11  Engineering Bay  
  105  7:13  Supply Depot  
  105  7:14  Thor, Supply Depot  
  106  7:16  SCV  
  108  7:30  SCV x2  
  108  7:31  SCV  
  108  7:33  Hellion, Infernal Pre-Igniter  
  108  7:34  Thor  
  108  7:35  Medivac x2, Hellion  
  121  7:37  Missile Turret  
  121  7:39  Missile Turret  
  121  7:46  SCV x2  
  121  7:48  Missile Turret  
  123  7:57  Hellion  
  125  8:01  Factory  
  125  8:03  Factory  
  125  8:04  Supply Depot, Siege Tank  
  128  8:15  Hellion  
  128  8:17  Siege Tank  
  133  8:24  Command Center  
  133  8:26  SCV x3, Hellion  
  138  8:27  Supply Depot  
  138  8:33  Terran Vehicle Weapons Level 2  
  138  8:34  Terran Vehicle And Ship Armor Level 2  
  138  8:36  Siege Tank  
  141  8:47  Factory Tech Lab  
  139  8:48  Factory Reactor  
  139  8:49  Hellion  
  139  8:50  Hellion  
  139  8:55  Siege Tank  
  146  8:59  Liberator x2  
  148  9:05  Supply Depot x2  
  148  9:08  Siege Tank  
  149  9:16  Supply Depot  
  153  9:20  Siege Tank  
  153  9:22  Hellion x2  
  157  9:28  SCV x2  
  159  9:33  Sensor Tower  
  159  9:37  Siege Tank  
  159  9:38  Hellion x2  
  166  9:48  Hellion  
  166  9:49  Hellion  
  166  9:51  SCV x2  
  166  9:52  SCV  
  171  9:55  Siege Tank x2  
  171  9:56  Mag-Field Accelerator  
  171  9:58  Supply Depot  
  177  10:03  Hellion x2  
  175  10:08  Planetary Fortress  
  175  10:09  Liberator  
  175  10:12  Hellion x2  
  182  10:16  Refinery x2  
  182  10:24  Hellion  
  192  10:37  Hellion x2  
  192  10:39  Cyclone x3, Liberator  
  197  10:45  Hellion  
  199  10:51  Factory  
  199  10:52  Factory, Liberator  
  184  11:11  Cyclone x2  
  184  11:12  SCV x2  
  184  11:16  Hellion x2  
  187  11:22  Liberator  
  187  11:24  Hellion x2  
  181  11:29  SCV x2  
  181  11:31  SCV  
  183  11:33  Hellion  
  183  11:34  Liberator  
  183  11:37  Hellion  
  188  11:41  SCV  
  188  11:43  Hellion  
  188  11:44  Hellion  
  185  11:53  SCV  
  187  11:59  Hellion x2  
  189  12:02  Command Center  
  189  12:05  Liberator  
  189  12:06  Terran Vehicle Weapons Level 3, Hellion x2  
  189  12:10  Cyclone x2  
  180  12:22  Hellion x2  
  177  12:31  Hellion x2  
  181  12:42  Hellion  
  181  12:43  Hellion  
  182  12:44  Starport  
  182  12:45  Liberator  
  182  12:46  Factory Tech Lab x2  
  182  12:47  Starport  
  182  12:48  Liberator  
  180  12:58  Cyclone  
  158  13:00  Hellion x3  
  158  13:03  Cyclone  
  166  13:06  Cyclone x2, Hellion  
  166  13:07  Hellion  
  173  13:24  Starport Tech Lab x2  
  167  13:34  Cyclone x2  
  173  13:46  Banshee x2  
  173  13:48  Hyperflight Rotors  
  177  13:49  Terran Ship Weapons Level 1  
  177  13:52  Planetary Fortress  
  177  13:55  Starport Tech Lab  
  165  14:19  Banshee  
  165  14:20  Cyclone x2  
  165  14:21  Cyclone x3  
  177  14:24  Hellion  
  177  14:27  Hellion x2  
  177  14:29  Banshee  
  182  14:32  SCV x2  
  182  14:36  SCV  
  181  14:40  Command Center  
  181  14:43  Hellion  
  181  14:44  SCV  
  180  14:46  Hellion  
  180  14:51  Banshee  
  180  14:52  Cyclone  
  181  14:59  Hellion x2  
  171  15:05  SCV  
  171  15:06  SCV x2  
  169  15:18  SCV x3  
  168  15:24  Banshee x2  
  168  15:28  SCV  
  175  15:30  SCV x3  
  175  15:35  Sensor Tower  
  175  15:37  Cyclone  
  175  15:40  SCV  
  175  15:42  SCV x3  
  177  15:52  SCV  
  179  16:00  Planetary Fortress  
  178  16:07  Banshee x3  
  182  16:39  Orbital Command  
  179  16:40  Cyclone x2, Fusion Core  
  179  16:43  Cyclone  
  188  16:50  Banshee x3  
  176  17:05  Missile Turret  
  149  17:38  Thor x4  
  149  17:40  Thor  
  149  17:44  Refinery  
  182  17:45  Refinery  
  182  17:48  Command Center  
  173  17:58  Marine  
  174  18:05  Raven  
  174  18:06  Raven  
  178  18:20  Thor  
  181  18:31  Thor x2  
  193  18:40  Command Center, Terran Vehicle And Ship Armor Level 3  
  193  18:59  Siege Tank x2  
  199  19:25  Missile Turret, Refinery  
  199  19:26  Sensor Tower  
  199  19:29  Refinery  
  196  19:44  Planetary Fortress  
  196  19:45  Siege Tank x2  
  186  19:56  Siege Tank x2  
  187  20:08  Siege Tank  
  188  20:17  Siege Tank  
  188  20:20  Hellion x3  
  189  20:21  Hellion x2  
  189  20:23  SCV x3  
  189  20:25  Command Center  
  189  20:28  Siege Tank x2  
  192  20:48  Banshee x3  
  198  21:01  Siege Tank  
  195  21:15  Command Center  
  184  21:58  Battlecruiser x2  
  184  21:59  Hellion x2  
  200  22:06  Orbital Command  
  200  22:18  Weapon Refit  
  197  22:32  Planetary Fortress  
  191  22:47  Battlecruiser  
  187  22:54  Hellion x3  
  187  22:55  Hellion  
  195  22:58  Refinery  
  195  23:04  Refinery  
  195  23:05  Command Center  
  195  23:12  Battlecruiser  
  186  23:42  Hellion x2  
  186  23:43  Hellion x5  
  200  23:49  Orbital Command  
  200  23:50  Command Center  
  200  23:51  Command Center  
Show
View Real Time Build Order
Export as new Build Order

soO Zerg 

Build Orders: Pool First, Muta Ling Bane, Swarm Host 

Get SALT Encoding   

  12  0:00  Drone  
  13  0:12  Overlord  
  13  0:16  Drone  
  14  0:30  Drone x2  
  16  0:39  Spawning Pool  
  15  0:44  Drone  
  15  0:48  Drone  
  17  1:10  Hatchery  
  16  1:12  Extractor, Drone  
  16  1:15  Drone  
  17  1:19  Drone  
  18  1:27  Zergling x2  
  18  1:31  Queen  
  21  1:39  Overlord  
  21  1:49  Drone  
  22  2:03  Drone  
  22  2:07  Queen  
  25  2:12  Drone  
  26  2:19  Metabolic Boost  
  26  2:21  Drone  
  27  2:23  Drone  
  28  2:32  Hatchery  
  28  2:33  Drone  
  28  2:36  Drone  
  29  2:39  Drone  
  29  2:41  Drone  
  31  2:46  Drone  
  31  2:47  Drone  
  31  2:50  Overlord  
  33  2:58  Queen  
  35  3:00  Drone  
  36  3:11  Drone x3  
  39  3:15  Drone x2  
  39  3:18  Overlord  
  41  3:21  Zergling x4  
  43  3:28  Zergling x2  
  44  3:36  Queen  
  44  3:38  Zergling x4  
  48  3:44  Zergling x2, Queen  
  48  3:45  Drone  
  48  3:46  Drone  
  53  3:49  Drone  
  53  3:50  Drone  
  53  3:52  Zergling x4  
  55  3:59  Zergling x4  
  55  4:07  Drone x2  
  51  4:11  Drone x3  
  51  4:15  Lair, Queen  
  56  4:18  Drone  
  56  4:20  Overlord  
  57  4:25  Overlord  
  57  4:27  Spore Crawler x2  
  57  4:28  Drone x2  
  57  4:30  Spore Crawler  
  57  4:31  Drone  
  57  4:36  Overlord  
  57  4:37  Overlord  
  57  4:40  Drone  
  57  4:43  Drone x2  
  59  4:48  Drone x3  
  61  4:54  Drone  
  61  5:01  Drone x2  
  61  5:03  Drone x2  
  61  5:04  Drone x4  
  69  5:09  Zergling x4  
  69  5:10  Zergling x2  
  69  5:14  Drone  
  73  5:16  Extractor  
  73  5:17  Extractor, Baneling Nest  
  73  5:18  Extractor, Overseer  
  69  5:21  Drone  
  69  5:22  Drone  
  69  5:24  Drone  
  69  5:26  Drone  
  73  5:31  Drone x6  
  73  5:32  Drone  
  80  5:35  Drone  
  80  5:36  Drone  
  82  5:44  Spire  
  82  5:46  Drone x2  
  82  5:48  Extractor, Overlord x2  
  82  5:49  Extractor  
  81  5:50  Overlord  
  81  5:53  Overlord  
  81  5:56  Evolution Chamber  
  80  5:57  Drone  
  80  5:58  Drone  
  80  5:59  Drone, Evolution Chamber  
  82  6:04  Overlord  
  82  6:05  Centrifical Hooks  
  82  6:09  Drone x3  
  85  6:13  Drone  
  85  6:16  Drone  
  87  6:18  Drone  
  87  6:21  Drone  
  87  6:23  Zerg Ground Armor Level 1  
  89  6:27  Drone x2  
  89  6:30  Drone  
  89  6:32  Hatchery  
  90  6:35  Drone, Roach Warren  
  90  6:38  Drone  
  87  6:42  Drone x2  
  87  6:45  Drone  
  88  6:49  Drone x2  
  88  6:51  Drone x6  
  94  7:00  Mutalisk x3  
  96  7:02  Mutalisk  
  96  7:03  Mutalisk  
  96  7:07  Mutalisk  
  99  7:12  Mutalisk x2  
  103  7:16  Zergling x6  
  103  7:20  Glial Reconstitution  
  104  7:24  Drone x2  
  104  7:25  Drone  
  105  7:32  Drone  
  105  7:33  Drone x6  
  112  7:39  Infestation Pit  
  112  7:41  Drone  
  112  7:45  Roach  
  112  7:46  Roach x2  
  112  7:49  Roach  
  120  7:53  Extractor  
  120  7:55  Extractor, Overlord  
  120  7:56  Overlord  
  118  8:00  Nydus Network  
  118  8:05  Overlord  
  117  8:10  Overlord x2  
  117  8:15  Swarm Host x6  
  117  8:18  Swarm Host  
  138  8:23  Zergling x4  
  138  8:24  Zergling x10  
  145  8:32  Roach x7  
  145  8:33  Ravager x2  
  161  8:36  Roach  
  152  8:47  Nydus Canal  
  148  8:49  Swarm Host x2  
  148  8:53  Drone x4  
  158  8:58  Swarm Host  
  158  8:59  Swarm Host  
  158  9:01  Drone  
  158  9:02  Zerg Missile Weapons Level 1  
  165  9:18  Overlord  
  165  9:19  Overlord  
  165  9:20  Nydus Canal  
  165  9:21  Overlord  
  165  9:25  Overlord  
  165  9:31  Overlord x3  
  165  9:32  Overlord  
  165  9:34  Zerg Melee Weapons Level 1  
  164  9:53  Swarm Host x2  
  164  9:57  Roach x2  
  164  9:58  Roach  
  164  9:59  Nydus Canal  
  173  10:06  Swarm Host x3  
  175  10:10  Ravager x3  
  175  10:11  Roach x7  
  198  10:15  Spine Crawler  
  198  10:20  Hive  
  197  10:27  Hatchery, Ravager x2  
  197  10:28  Nydus Canal  
  198  11:03  Roach x3  
  199  11:09  Overlord  
  199  11:16  Roach x2  
  199  11:17  Ravager  
  199  11:18  Ravager x3  
  197  11:20  Roach  
  197  11:24  Roach x2  
  197  11:25  Roach x4  
  199  11:29  Ravager  
  199  11:30  Zergling x2, Roach x2  
  194  11:45  Roach  
  189  11:49  Roach x5  
  188  12:03  Roach  
  188  12:04  Roach x9  
  189  12:12  Roach x9  
  197  12:17  Overlord  
  189  12:28  Roach x3, Ravager x2  
  189  12:29  Roach x3  
  199  12:31  Nydus Canal  
  199  12:34  Ravager x3  
  192  12:42  Ravager x3  
  192  12:43  Ravager  
  193  12:55  Roach x2  
  193  12:56  Roach x3  
  193  12:57  Roach x2  
  193  12:58  Roach  
  180  12:59  Roach x2  
  180  13:05  Swarm Host  
  178  13:10  Drone x2  
  178  13:12  Hatchery  
  172  13:35  Roach x11  
  194  13:42  Ravager  
  194  13:50  Ravager x3  
  194  13:52  Drone x2  
  197  14:08  Drone x2  
  199  14:11  Queen  
  199  14:14  Zerg Ground Armor Level 2, Zerg Missile Weapons Level 2  
  189  14:24  Infestor x2  
  189  14:25  Drone  
  189  14:28  Extractor  
  189  14:29  Extractor  
  192  14:34  Zergling x16  
  192  14:35  Queen  
  185  14:47  Ravager  
  177  14:56  Drone x3  
  177  14:57  Drone x3  
  181  15:06  Corruptor x5  
  181  15:07  Corruptor x2  
  184  15:10  Drone x2  
  184  15:11  Drone  
  197  15:17  Hatchery  
  154  15:24  Swarm Host x3  
  154  15:25  Swarm Host x9  
  181  15:47  Nydus Canal  
  172  15:58  Zergling x14  
  172  16:03  Infestor x3  
  181  16:11  Nydus Canal  
  181  16:13  Zergling x18  
  190  16:24  Overseer  
  183  16:26  Drone  
  174  16:44  Zergling x2, Roach  
  174  16:45  Zergling x20, Roach x2  
  163  17:12  Roach x8  
  168  17:25  Roach x4  
  169  17:34  Roach x3  
  168  17:46  Nydus Canal  
  168  17:48  Infestor x2  
  172  17:51  Hatchery  
  172  17:54  Overseer  
  172  17:56  Ravager x2  
  172  17:57  Zergling x8  
  177  18:00  Hatchery  
  177  18:01  Ravager  
  177  18:03  Nydus Canal  
  177  18:19  Nydus Canal  
  177  18:33  Baneling  
  177  18:34  Baneling x11  
  177  18:37  Drone x3  
  180  18:55  Pneumatized Carapace  
  180  18:58  Ravager x2  
  180  18:59  Ravager  
  179  19:07  Zergling x4  
  179  19:08  Zergling x16  
  189  19:11  Nydus Canal  
  189  19:14  Drone x5  
  176  19:55  Roach  
  176  19:56  Zergling x10, Roach x9  
  198  20:01  Overseer x2  
  188  20:11  Ravager  
  187  20:17  Zergling x2, Roach x4  
  187  20:18  Zergling x10, Roach x2  
  192  20:21  Nydus Canal  
  192  20:25  Ravager  
  187  20:40  Spore Crawler  
  187  20:41  Drone x2  
  175  20:52  Zergling x2, Roach  
  175  20:53  Zergling x18, Roach x2  
  175  20:54  Ravager  
  175  20:55  Ravager  
  176  21:04  Nydus Canal  
  176  21:10  Corruptor x4  
  178  21:11  Overseer  
  177  21:22  Hatchery  
  173  21:41  Hatchery  
  170  22:00  Nydus Canal  
  169  22:03  Baneling x11  
  169  22:19  Overseer  
  169  22:25  Zergling x10  
  141  23:40  Zergling x8, Roach x4  
  152  23:42  Ravager x4  
  156  23:51  Spore Crawler  
Tags
 
Add a new tag
Caveats
  • Supply blocks, unpowered buildings, or Contaminate may cause inaccurate times.
  • Supply counts are checked every 10 seconds.